 Dungeon Crawl Stone Soup version 0.30.0-29-ga12c61a403 (webtiles) character file.

Game seed: 12678015618145269243

48 DildoBatman the Conjurer (level 4, -1/31 (32) HPs)
             Began as a Formicid Conjurer on June 14, 2023.
             Slain by a goblin
             ... wielding a +0 dagger
              (2 damage)
             ... on level 2 of the Dungeon.
             The game lasted 00:03:05 (1476 turns).

DildoBatman the Conjurer (Formicid Conjurer)        Turns: 1476, Time: 00:03:06

HP:   -1/31 (32)    AC:  2    Str: 12    XL:     4   Next: 0%
MP:   16/16         EV: 12    Int: 19    God:
Gold: 67            SH:  0    Dex: 12    Spells: 5/8 levels left

rFire   . . .        a - +0 sling
rCold   . . .        (no shield)
rNeg    . . .        r - +0 robe
rPois   .            (helmet unavailable)
rElec   .            (no cloak)
rCorr   .            (no gloves)
SInv    +            (no boots)
Will    .....        (no amulet)
Stlth   ++           h - +4 ring of slaying
HPRegen 0.25/turn    n - ring of magical power
MPRegen 0.15/turn

%: no passive effects
@: lightly drained
A: permanent stasis, dig shafts and tunnels, antennae 3, four strong arms
a: Dig, Shaft Self


You were on level 2 of the Dungeon.
You visited 1 branch of the dungeon, and saw 2 of its levels.

You collected 67 gold pieces.

Inventory:

Hand Weapons
 a - a +0 sling (weapon)
 b - a +0 spear
Armour
 r - a +0 robe (worn)
Jewellery
 h - a +4 ring of slaying (left hand)
 n - a ring of magical power (right hand)
Scrolls
 c - a scroll of fog {unknown}
 e - a scroll of magic mapping {unknown}
 f - a scroll of poison {unknown}
 g - a scroll of enchant armour {unknown}
 i - a scroll of fear {unknown}
 k - a scroll of blinking {unknown}
 l - a scroll of noise {unknown}
 m - a scroll of brand weapon {unknown}
 o - 2 scrolls of teleportation {unknown}
 p - a scroll of identify {unknown}
 s - a scroll of vulnerability {unknown}
Potions
 d - a potion of magic
 j - a potion of attraction {unknown}
 q - a potion of degeneration {unknown}


   Skills:
 * Level 1.2 Fighting
 * Level 1.1 Armour
 * Level 2.3 Dodging
 - Level 3.0 Stealth
 * Level 2.5 Spellcasting
 * Level 3.8 Conjurations


You had 5 spell levels left.
You knew the following spells:

 Your Spells              Type           Power      Damage    Failure   Level
a - Searing Ray           Conj           32%        2d5       4%          2
c - Magic Dart            Conj           64%        1d6       3%          1

Your spell library contained the following spells:

 Spells                   Type           Power      Damage    Failure   Level
 Sting                    Tmut/Pois      8%         1d3       16%         1
 Dazzling Flash           Conj/Hex       18%        N/A       22%         3
 Poisonous Vapours        Pois/Air       4%         N/A       24%         2
 Fulminant Prism          Conj/Hex       4%         3d5       58%         4
 Iskenderun's Mystic Bla  Conj/Tloc      9%         2d4       58%         4
 Olgreb's Toxic Radiance  Pois           2%         N/A       85%         4


Dungeon Overview and Level Annotations

Branches:
Dungeon (2/15)

Altars:


Innate Abilities, Weirdness & Mutations

You cannot be hasted, slowed, berserked, paralysed or teleported.
You can dig through walls and to a lower floor.
You have a pair of large antennae on your head. (SInv)
Your four strong arms can wield two-handed weapons with a shield.


Message History

t - Shout!
Orders for allies: a - Attack new target. r - Retreat! s - Stop attacking. g - Guard the area. f - Follow me.
Anything else - Cancel.
You shout for attention!
The goblin hits you with a +0 dagger. What are your orders? t - Shout!
Orders for allies: a - Attack new target. r - Retreat! s - Stop attacking. g - Guard the area. f - Follow me.
Anything else - Cancel.
You shout for attention!
The goblin hits you with a +0 dagger. What are your orders? t - Shout!
Orders for allies: a - Attack new target. r - Retreat! s - Stop attacking. g - Guard the area. f - Follow me.
Anything else - Cancel.
You shout for attention!
The goblin closely misses you. What are your orders? t - Shout!
Orders for allies: a - Attack new target. r - Retreat! s - Stop attacking. g - Guard the area. f - Follow me.
Anything else - Cancel.
You shout for attention!
The goblin hits you with a +0 dagger. What are your orders? t - Shout!
Orders for allies: a - Attack new target. r - Retreat! s - Stop attacking. g - Guard the area. f - Follow me.
Anything else - Cancel.
You shout for attention!
The goblin hits you with a +0 dagger.
You die...

## # †# ## .# . .# #
##########.# .########
##### ......g@<#.#
.........
....#############.#.#
.########
###......(..........# #
.##########################
#
..........................#
###
..########........##....#.#
#..
........##........##....#.#
#..
........##.....†..##....#.#
#..
##.##...##........##....#.#
#..


You could see a goblin.

Vanquished Creatures
  A dart slug (D:1)
  5 endoplasms
  4 giant cockroaches
  4 goblins (D:1)
  6 hobgoblins
  A quokka (D:2)
  4 ball pythons
  8 bats
  5 kobolds
  3 rats (D:1)
41 creatures vanquished.

Notes
Turn   | Place    | Note
-------+----------+-------------------------------------------
     0 | D:1      | DildoBatman the Formicid Conjurer began the quest for the
                  | Orb.
     0 | D:1      | Reached XP level 1. HP: 13/13 MP: 3/3
   134 | D:1      | Reached XP level 2. HP: 15/20 MP: 3/5
   137 | D:1      | Learned a level 2 spell: Searing Ray
   416 | D:1      | Reached XP level 3. HP: 21/25 MP: 2/6
   427 | D:1      | Reached skill level 1 in Fighting
   543 | D:1      | Reached skill level 1 in Armour
   934 | D:2      | Found a faded altar of an unknown god.
  1452 | D:2      | Reached XP level 4. HP: 32/32 MP: 7/7
  1475 | D:2      | HP: 1/31 [goblin/+0 dagger (2)]
  1476 | D:2      | Slain by a goblin

Illustrated notes

Levels and vault maps discovered:
D:1:      amcnicky_arrival_flooded_fountain, layout_basic, st_stairs_11,
          nicolae_concentric_dashed_squares_wild, minmay_misc_feat_columns,
          amcnicky_mini_rare_corridor_liquid
D:2:      layout_basic, ebering_ecumenical_altar_box, minivault_24

Skill      XL: |  1  2  3 |
---------------+----------+-----
Dodging        | 2 |  2.3
Fighting       | 1 |  1.2
Armour         | 1 |  1.1
Stealth        | 3 |  3.0
Spellcasting   | |  2.5
Conjurations   | |  3.8

Action                     |  1- 3 |  4- 6 || total
---------------------------+-------+-------++-------
  Melee: Spear             |    70 |       ||    70
         Unarmed           |     4 |       ||     4
         Punch             |     1 |       ||     1
   Fire: Sling             |     4 |       ||     4
   Cast: Magic Dart        |    10 |       ||    10
         Searing Ray       |     5 |       ||     5
Ability: Dig               |       |     1 ||     1
   Stab: Sleeping          |     4 |       ||     4
 Armour: Robe              |    21 |     2 ||    23
  Dodge: Dodged            |    50 |     4 ||    54
